 Dungeon Crawl Stone Soup version 0.23.2-1-ga50397a (webtiles) character file.

Game seed: 10277463953183632412

8355 Heatsaber the Thaumaturge (level 11, -1/63 HPs)
             Began as a Deep Elf Conjurer on May 23, 2019.
             Was a Believer of Vehumet.
             Slain by a spiny frog (20 damage)
             ... on level 2 of the Lair of Beasts on May 24, 2019.
             The game lasted 02:08:40 (11764 turns).

Heatsaber the Thaumaturge (Deep Elf Conjurer)      Turns: 11764, Time: 02:08:41

Health: -1/63      AC:  6    Str:  6    XL:     11   Next: 8%
Magic:  8/27       EV: 16    Int: 23    God:    Vehumet [**....]
Gold:   39         SH:  0    Dex: 19    Spells: 5/30 levels left

rFire    . . .     SeeInvis .   l - +0 short sword (venom)
rCold    . . .     Gourm    .   (no shield)
rNeg     . . .     Faith    .   a - +0 robe
rPois    .         Spirit   .   (no helmet)
rElec    .         Reflect  .   (no cloak)
rCorr    .         Harm     .   B - +0 pair of gloves (curse)
MR       +....                  H - +2 pair of boots
Stlth    ++++......             (no amulet)
HPRegen  0.20/turn              n - +4 ring of dexterity
MPRegen  0.20/turn              x - ring of stealth

@: about to teleport, very slightly contaminated
A: no striking features
a: Renounce Religion


You were on level 2 of the Lair of Beasts.
You worshipped Vehumet.
Vehumet was pleased with you.
You were hungry.

You visited 3 branches of the dungeon, and saw 12 of its levels.
You also visited: Ossuary.

You collected 489 gold pieces.
You spent 450 gold pieces at shops.

Inventory:

Hand Weapons
 d - a +2 dagger of chaos
 l - a +0 short sword of venom (weapon)
 t - a +2 spear of piercing
Missiles
 O - 115 arrows
Armour
 a - a +0 robe (worn)
 y - a +0 buckler
 B - a cursed +0 pair of gloves (worn)
 H - a +2 pair of boots (worn)
Jewellery
 h - an uncursed ring of protection from cold
 n - a +4 ring of dexterity (left hand)
 p - an uncursed ring of protection from fire
 v - an uncursed amulet of rage
 x - a ring of stealth (right hand)
 E - an uncursed ring of positive energy
 I - an uncursed ring of protection from cold
 K - an uncursed ring of protection from fire
Wands
 e - a wand of disintegration (20)
 G - a wand of flame (18)
 M - a wand of paralysis (9)
 N - a wand of random effects (16)
 Q - a wand of enslavement (9)
 R - a wand of polymorph (4)
Scrolls
 b - 6 scrolls of identify
 i - 3 scrolls of random uselessness {unknown}
 k - 8 scrolls of remove curse
 o - 3 scrolls of enchant armour
 q - a scroll of noise {unknown}
 r - 3 scrolls of fear
 s - 3 scrolls of magic mapping
 u - a scroll of fog {unknown}
 w - 3 scrolls of teleportation
 z - 2 scrolls of enchant weapon {unknown}
 A - a scroll of blinking {unknown}
 F - 3 scrolls of amnesia
 L - a scroll of immolation {unknown}
Potions
 f - a potion of lignification
 g - 4 potions of flight
 j - 6 potions of might
 m - a potion of berserk rage
 C - 3 potions of curing
 D - a potion of heal wounds {unknown}
 S - a potion of invisibility {unknown}
Miscellaneous
 J - a fan of gales
Comestibles
 c - 13 rations


   Skills:
 - Level 5.0 Fighting
 + Level 9.5 Short Blades
 - Level 5.3 Dodging
 - Level 4.1 Stealth
 - Level 10.0 Spellcasting
 + Level 9.6 Conjurations
 - Level 6.0 Hexes
 - Level 4.0 Charms
 - Level 1.0 Translocations


You had 5 spell levels left.
You knew the following spells:

 Your Spells              Type           Power        Failure   Level  Hunger
a - Magic Dart            Conj           ####         1%          1    None
b - Searing Ray           Conj           ######       1%          2    None
c - Fulminant Prism       Conj/Hex       #####.....   2%          4    #......
d - Force Lance           Conj/Tloc      #####...     6%          4    #......
e - Sticks to Snakes      Tmut           ##......     9%          2    None
f - Iskenderun's Battles  Conj/Chrm      #####...     10%         5    ####...
g - Orb of Destruction    Conj           ######....   67%         7    #######

Your spell library contained the following spells:

 Spells                   Type           Power        Failure   Level  Hunger
 Throw Flame              Conj/Fire      ####..       1%          2    None
 Sting                    Conj/Pois      ####         1%          1    None
 Dazzling Spray           Conj/Hex       #####.       1%          3    None
 Iskenderun's Mystic Bla  Conj           ######..     1%          4    #......
 Mephitic Cloud           Conj/Pois/Air  ####....     4%          3    None
 Animate Skeleton         Necr           N/A          5%          1    None
 Beastly Appendage        Tmut           ##....       5%          1    None
 Pain                     Necr           ##..         5%          1    None
 Regeneration             Chrm/Necr      ###.......   8%          3    None
 Poisonous Vapours        Pois/Air       ##....       9%          2    None
 Spider Form              Tmut/Pois      ##........   17%         3    None
 Vampiric Draining        Necr           ##........   17%         3    None
 Venom Bolt               Conj/Pois      ####......   22%         5    ####...
 Bolt of Magma            Conj/Fire/Erth ####......   38%         5    ####...
 Animate Dead             Necr           N/A          50%         4    #......
 Ice Form                 Ice/Tmut       ##......     50%         4    #......
 Olgreb's Toxic Radiance  Pois           ##......     50%         4    #......
 Blade Hands              Tmut           ##........   83%         5    ####...
 Iron Shot                Conj/Erth      ####......   77%         6    ######.
 Spellforged Servitor     Conj/Summ      ####......   100%        7    #######


Dungeon Overview and Level Annotations

Branches:
Dungeon (9/15)             Temple (1/1) D:6            Lair (2/6) D:8
  Swamp: Lair:2-4    Shoals: Lair:2-4     Snake: Lair:2-4    Spider: Lair:2-4
    Orc: D:9-12

Altars:
Ashenzari
Cheibriados
Dithmenos
Elyvilon
Fedhas
Gozag
Hepliaklqana
Kikubaaqudgha
Makhleb
Nemelex Xobeh
Okawaru
Qazlal
Ru
Sif Muna
Trog
Uskayaw
Vehumet
Wu Jian
Xom
Yredelemnul
Zin
The Shining One

Shops:
D:6 :   D:7 (

Annotations:
Lair:1 Gastronok


Message History

The blast of energy engulfs the water moccasin!
You kill the water moccasin!
Vehumet accepts your kill.
The blast of energy engulfs the soldier ant!
The soldier ant is almost dead.
The blast of energy engulfs the plant!
The plant is severely damaged.
You hear a croak.
You hit the soldier ant but do no damage.
The soldier ant is poisoned.
The soldier ant is almost dead.
You kill the soldier ant!
Vehumet accepts your kill.
You feel your power returning.
As you read the scroll of teleportation, it crumbles to dust.
You feel strangely unstable.
A black bear comes into view.
The spiny frog closely misses you. The spiny frog stings you!!
You die...

......P.....#.....
....#.......#....#
....#...#h..#.....
..................
....#............. .
##............
##....P##### ##F...##
..# #@...## #..##
##†..# ....# # ##..Y.#
#.... #.#.#...## ..P#.
........Y########....
#.......#.#...##.....
.#.....÷Y.........#..
..+.............Y.....
................Y....


You could see 3 elephants, a spiny frog and a black bear (wandering).

Vanquished Creatures
  A two-headed ogre (D:9)
  Joseph (Lair:1)
  A black mamba (Lair:2)
  An elephant (Lair:2)
  2 spiny frogs
  A komodo dragon (Lair:1)
  Grinder (D:4)
  2 hippogriffs
  7 yaks (Lair:2)
  A basilisk (Lair:1)
  A soldier ant (Lair:2)
  3 water moccasins
  2 porcupines
  An ice beast (D:5)
  5 orc warriors
  6 ogres
  4 centaurs
  A crocodile (Lair:2)
  A big kobold (D:8)
  3 bullfrogs (D:6)
  A wyvern skeleton (D:6)
  A scorpion (D:8)
  5 wights (D:9)
  A howler monkey (D:8)
  9 crimson imps
  5 hounds
  2 jellies
  5 orc priests
  3 bullfrog skeletons
  A centaur skeleton (D:6)
  An iguana (D:7)
  Terence (D:2)
  4 worker ants
  6 orc wizards
  A hound zombie (D:8)
  A hound skeleton (D:6)
  A worker ant zombie (D:8)
  7 gnolls (D:5)
  14 adders
  A shadow imp (D:8)
  6 worms
  A dart slug (D:3)
  7 leopard geckos
  30 orcs
  6 giant cockroaches
  A gnoll zombie (Ossuary)
  11 hobgoblins
  4 jackals
  4 quokkas
  A ball python (D:3)
  6 bats
  5 frilled lizards
  A giant cockroach zombie (D:5)
  9 goblins
  A goblin zombie (Ossuary)
  3 jackal zombies
  15 kobolds
  A kobold zombie (Ossuary)
  2 orc zombies (Ossuary)
  7 rats
  A fulminant prism (D:6)
237 creatures vanquished.

Vanquished Creatures (others)
  91 fulminant prisms
91 creatures vanquished.

Grand Total: 328 creatures vanquished

Notes
Turn   | Place    | Note
-------+----------+-------------------------------------------
     0 | D:1      | Heatsaber the Deep Elf Conjurer began the quest for the
                  | Orb.
     0 | D:1      | Reached XP level 1. HP: 10/10 MP: 6/6
   111 | D:1      | Reached XP level 2. HP: 15/15 MP: 4/8
   271 | D:1      | Reached skill level 5 in Conjurations
   367 | D:1      | Learned a level 2 spell: Searing Ray
   727 | D:1      | Reached XP level 3. HP: 16/19 MP: 5/9
  1359 | D:2      | Reached XP level 4. HP: 24/24 MP: 7/11
  1365 | D:2      | Learned a level 4 spell: Fulminant Prism
  1535 | D:2      | Noticed Terence
  1671 | D:2      | Killed Terence
  2446 | D:3      | Reached skill level 4 in Spellcasting
  2488 | D:3      | Reached skill level 1 in Hexes
  2488 | D:3      | Reached XP level 5. HP: 28/28 MP: 8/13
  2662 | D:3      | Learned a level 4 spell: Force Lance
  3311 | D:4      | Noticed an ogre
  3317 | D:4      | Killed an ogre
  3317 | D:4      | Reached skill level 5 in Spellcasting
  3317 | D:4      | Reached XP level 6. HP: 29/32 MP: 4/15
  3581 | D:4      | Noticed Grinder
  3592 | D:4      | Killed Grinder
  3592 | D:4      | Reached skill level 5 in Dodging
  3592 | D:4      | Reached XP level 7. HP: 35/36 MP: 3/17
  3597 | D:4      | Reached skill level 6 in Spellcasting
  4083 | D:4      | Found a shimmering altar of Xom.
  4145 | D:5      | Entered Level 5 of the Dungeon
  4156 | D:5      | Reached skill level 7 in Spellcasting
  4292 | D:5      | Found a sand-covered staircase.
  4297 | Ossuary  | Entered an ossuary
  4499 | D:5      | Reached skill level 1 in Short Blades
  4549 | D:5      | Reached skill level 1 in Fighting
  5033 | D:5      | Reached skill level 5 in Hexes
  5033 | D:5      | Reached XP level 8. HP: 43/43 MP: 13/20
  6217 | D:6      | Found Lafebass's Book Boutique.
  6261 | D:6      | Found a sacrificial altar of Ru.
  6297 | D:6      | Reached XP level 9. HP: 52/52 MP: 3/21
  6427 | D:6      | Found a staircase to the Ecumenical Temple.
  6618 | D:7      | Reached skill level 5 in Short Blades
  6706 | D:7      | Found Zogris's Antique Weapon Boutique.
  6781 | Temple   | Entered the Ecumenical Temple
  6904 | Temple   | Became a worshipper of Vehumet
  7282 | D:7      | Reached skill level 8 in Spellcasting
  7513 | D:8      | Found a deep blue altar of Sif Muna.
  7732 | D:8      | Reached skill level 5 in Fighting
  7770 | D:8      | Reached * piety under Vehumet
  7770 | D:8      | Offered knowledge of Sandblast by Vehumet.
  7895 | D:8      | Reached skill level 9 in Spellcasting
  8041 | D:8      | Found a staircase to the Lair.
  8297 | Lair:1   | Entered Level 1 of the Lair of Beasts
  8304 | Lair:1   | Noticed a spiny frog
  8316 | Lair:1   | Killed a spiny frog
  8327 | Lair:1   | Noticed Joseph
  9123 | Lair:1   | Noticed a komodo dragon
  9148 | Lair:1   | Killed a komodo dragon
  9148 | Lair:1   | Reached XP level 10. HP: 32/59 MP: 1/25
  9155 | Lair:1   | Noticed Gastronok
  9287 | Lair:1   | Reached skill level 10 in Spellcasting
  9616 | Lair:1   | Killed Joseph
  9947 | Lair:2   | Noticed a black mamba
  9954 | Lair:2   | Noticed a spiny frog
  9957 | Lair:2   | Killed a black mamba
  9964 | Lair:2   | Killed a spiny frog
  9986 | Lair:2   | Noticed an elephant
  9986 | Lair:2   | Noticed an elephant
  9986 | Lair:2   | Noticed an elephant
 10104 | D:8      | Learned a level 2 spell: Sticks to Snakes
 10358 | D:9      | Found a deep blue altar of Sif Muna.
 10579 | D:9      | Reached skill level 1 in Translocations
 10601 | D:9      | Noticed a two-headed ogre
 10694 | D:6      | Bought a book of Power for 450 gold pieces
 10700 | D:6      | Learned a level 5 spell: Iskenderun's Battlesphere
 10708 | D:6      | Learned a level 7 spell: Orb of Destruction
 10943 | D:9      | Reached skill level 1 in Charms
 11133 | D:9      | Killed a two-headed ogre
 11698 | Lair:2   | Noticed an elephant
 11748 | Lair:2   | Offered knowledge of Throw Flame by Vehumet.
 11748 | Lair:2   | Reached ** piety under Vehumet
 11752 | Lair:2   | Noticed a spiny frog
 11753 | Lair:2   | Reached XP level 11. HP: 60/63 MP: 12/27
 11764 | Lair:2   | Slain by a spiny frog

Skill      XL: |  1  2  3  4  5  6  7  8  9 10 |
---------------+-------------------------------+-----
Conjurations   | 5 6 9 |  9.6
Dodging        | 3 4 5 |  5.3
Spellcasting   | 4 5 7 9 10 | 10.0
Hexes          | 1 2 4 5 6 |  6.0
Short Blades   | 2 4 7 9 |  9.5
Stealth        | 3 4 |  4.1
Fighting       | 1 4 5 |  5.0
Translocations | 1 |  1.0
Charms         | 4 |  4.0

Action                   |  1- 3 |  4- 6 |  7- 9 | 10-12 || total
-------------------------+-------+-------+-------+-------++-------
Melee: Dagger            |     5 |       |       |       ||     5
       Short sword       |       |    19 |   104 |    34 ||   157
 Cast: Magic Dart        |    52 |    38 |    40 |    15 ||   145
       Searing Ray       |     9 |    21 |    42 |     5 ||    77
       Fulminant Prism   |       |     7 |    63 |    22 ||    92
       Force Lance       |       |       |     8 |     1 ||     9
       Sticks to Snakes  |       |       |       |     2 ||     2
       Iskenderun's Batt |       |       |       |     2 ||     2
Evoke: Wand              |       |       |       |     1 ||     1
  Use: Scroll            |       |     1 |    11 |     2 ||    14
       Potion            |       |       |     4 |     2 ||     6
 Stab: Sleeping          |       |       |     1 |     1 ||     2
  Eat: Chunk             |     1 |     9 |    18 |     6 ||    34
       Ration            |       |       |     1 |     1 ||     2
Armor: Robe              |     4 |     2 |    17 |     5 ||    28
       Skin              |       |       |       |     9 ||     9
Dodge: Dodged            |     7 |    23 |   120 |    33 ||   183
